 Dungeon Crawl Stone Soup version 0.28-a0-1415-g7c84da036a (webtiles) character file.

Game seed: 11989740782823324409

1348 bande the Chopper (level 8, -1/49 HPs)
             Began as a Gargoyle Fighter on Jan 7, 2022.
             Slain by an orc warrior (5 damage)
             ... on level 6 of the Dungeon.
             The game lasted 00:10:51 (6812 turns).

bande the Chopper (Gargoyle Fighter)                Turns: 6812, Time: 00:10:52

Health: -1/49      AC: 19    Str: 25    XL:     8   Next: 62%
Magic:  8/8        EV:  8    Int:  9    God:
Gold:   160        SH:  7    Dex: 17    Spells: 7/7 levels left

rFire   . . .      SeeInvis .   a - +0 war axe (flame)
rCold   . . .      Faith    .   c - +1 buckler
rNeg    + . .      Spirit   .   k - +0 chain mail
rPois   ∞          Reflect  .   t - +2 helmet "Cyocsocs" {Str+5}
rElec   +          Harm     .   (no cloak)
rCorr   .          Rampage  .   (no gloves)
Will    .....                   (no boots)
Stlth   ..........              (no amulet)
HPRegen 0.16/turn               o - +6 ring of dexterity
MPRegen 0.11/turn               (no ring)

@: no status effects
A: sickness immunity, AC +5, negative energy resistance 1, electricity
resistance, torment resistance 1, petrification resistance
a: no special abilities


You were on level 6 of the Dungeon.
You visited 1 branch of the dungeon, and saw 6 of its levels.

You collected 160 gold pieces.

Inventory:

Hand Weapons
 a - a +0 war axe of flaming (weapon)
 m - a +0 war axe of draining
Missiles
 q - a throwing net (quivered)
Armour
 c - a +1 buckler (worn)
 e - a +0 helmet
 k - a +0 chain mail (worn)
 r - a +0 kite shield
 t - the +2 helmet "Cyocsocs" (worn) {Str+5}
   (You found it on level 4 of the Dungeon)

   Str:       It affects your strength (+5).
Jewellery
 o - a +6 ring of dexterity (left hand)
Scrolls
 n - a scroll of fear
 p - 2 scrolls of enchant armour
 u - a scroll of teleportation
Potions
 b - a potion of brilliance {unknown}
 d - a potion of might
 f - 4 potions of curing
 g - a potion of invisibility
 h - a potion of ambrosia {unknown}
 i - a potion of haste {unknown}
 j - 2 potions of magic
 l - a potion of lignification {unknown}
 s - 2 potions of attraction {unknown}


   Skills:
 + Level 5.1 Fighting
 + Level 6.7 Axes
 + Level 6.5 Armour
 + Level 5.3 Shields


You had 7 spell levels left.
You didn't know any spells.
Your spell library contained the following spells:

 Spells                   Type           Power      Damage    Failure   Level
 Foxfire                  Conj/Fire      0%         2x1d4     97%         1
 Passwall                 Tmut/Erth      0%         N/A       99%         2
 Static Discharge         Conj/Air       0%         N/A       99%         2
 Conjure Flame            Conj/Fire      0%         6-21      100%        3
 Inner Flame              Hex/Fire       0%         N/A       100%        3
 Swiftness                Air            0%         N/A       100%        3
 Animate Dead             Necr           0%         N/A       100%        4
 Dispel Undead            Necr           0%         3d6       100%        4
 Flame Wave               Conj/Fire      0%         2d4       100%        4
 Sticky Flame             Conj/Fire      0%         2d3       100%        4
 Haunt                    Necr/Summ      0%         N/A       100%        7
 Infestation              Necr           0%         N/A       100%        8


Dungeon Overview and Level Annotations

Branches:
Dungeon (6/15)
 Temple: D:4-7

Altars:


Innate Abilities, Weirdness & Mutations

You are immune to sickness and miasma.
Your stone body is resilient. (AC +5)
You are immune to poison.
You resist negative energy. (rN+)
You are resistant to electric shocks. (rElec)
You are resistant to unholy torment.
You are immune to petrification.


Message History

The orc priest hits you but does no damage.
You hit the wight. You burn the wight.
The wight is severely damaged.
You barely miss the orc priest. The wight closely misses you.
You block the orc priest's attack.
You slash the wight! You burn the wight.
You destroy the wight!
You slash the orc priest! You burn the orc priest.
The orc priest hits you with a +0 dagger.
The orc warrior hits you from afar with a +0 halberd!
You slash the orc priest! You burn the orc priest.
You kill the orc priest!
The orc warrior barely misses you.
You barely miss the orc.
The orc warrior hits you from afar with a +0 halberd!
The orc hits you but does no damage.
You are too injured to fight recklessly!
You are too injured to fight recklessly!
You are too injured to fight recklessly!
You are too injured to fight recklessly!
You are too injured to fight recklessly!
You are too injured to fight recklessly!
You are too injured to fight recklessly!
You are too injured to fight recklessly!
Unknown command.
The orc warrior hits you but does no damage.
You block the orc's attack.
You closely miss the orc warrior. You slash the orc! You burn the orc.
You kill the orc!
The orc warrior hits you with a +0 halberd.
You hit the orc warrior. You burn the orc warrior.
The orc warrior is lightly wounded.
The orc warrior hits you with a +0 halberd.
* * * LOW HITPOINT WARNING * * *
You hit the orc warrior. You burn the orc warrior.
The orc warrior is moderately wounded.
The orc warrior hits you with a +0 halberd!
* * * LOW HITPOINT WARNING * * *
The orc warrior hits you with a +0 halberd.
You die...

#(..# ## #...
#.# #..###..#
#..<#...#
##..)..#
##....#
##.....#
#.)....##
#.)@....#
#...o.....#
#..........#
........#....
##.......#....
##.>...## /..
#.....# ..
#......


You could see an orc warrior.

Vanquished Creatures
  A water moccasin (D:5)
  An acid dragon (D:5)
  A necrophage (D:5)
  A phantom (D:5)
  A bullfrog (D:4)
  A scorpion (D:4)
  A water moccasin zombie (D:5)
  2 howler monkeys
  3 wights
  A centaur zombie (D:5)
  2 hounds (D:5)
  5 orc priests
  A bullfrog skeleton (D:5)
  A gnoll shaman (D:5)
  An iguana (D:5)
  An orc wizard (D:5)
  A hound skeleton (D:2)
  8 gnolls
  6 adders
  A white imp (D:5)
  An adder skeleton (D:4)
  A worm (D:4)
  2 dart slugs
  15 orcs
  5 bats
  9 endoplasms
  2 giant cockroaches
  8 hobgoblins
  3 jackals (D:2)
  A quokka (D:1)
  3 ball pythons
  4 frilled lizards
  7 goblins
  8 kobolds
  4 rats
113 creatures vanquished.

Notes
Turn   | Place    | Note
-------+----------+-------------------------------------------
     0 | D:1      | bande the Gargoyle Fighter began the quest for the Orb.
     0 | D:1      | Reached XP level 1. HP: 14/14 MP: 1/1
   104 | D:1      | Reached XP level 2. HP: 14/19 MP: 2/2
   549 | D:1      | Reached XP level 3. HP: 23/23 MP: 3/3
   917 | D:2      | Found a faded altar of an unknown god.
  1350 | D:2      | Reached XP level 4. HP: 26/29 MP: 4/4
  2939 | D:3      | Reached XP level 5. HP: 14/33 MP: 5/5
  4651 | D:4      | Reached XP level 6. HP: 38/38 MP: 6/6
  4869 | D:4      | Reached skill level 5 in Armour
  4992 | D:4      | Identified the +2 helmet "Cyocsocs" {Str+5}
  5148 | D:5      | Entered Level 5 of the Dungeon
  5509 | D:5      | Reached XP level 7. HP: 38/43 MP: 7/7
  5703 | D:5      | Reached skill level 5 in Axes
  6327 | D:5      | Reached skill level 5 in Shields
  6327 | D:5      | Reached XP level 8. HP: 48/48 MP: 8/8
  6792 | D:5      | Reached skill level 5 in Fighting
  6812 | D:6      | Slain by an orc warrior

Illustrated notes

Levels and vault maps discovered:
D:1:      scummos_arrival_gate, layout_loops_cross, st_stairs_13,
          minmay_box_of_dots
D:2:      layout_basic, chequers_ecumenical_altar_simple_redux,
          lightli_corner_chamber
D:3:      layout_loops_cross
D:4:      layout_loops_cross, chequers_decorated_corner
D:5:      layout_loops_ring, minivault_4
D:6:      layout_cave_pods, minmay_temple_entry_stoned_glass,
          cheibrodos_sewer_entry_drain

Skill      XL: |  1  2  3  4  5  6  7  8 |
---------------+-------------------------+-----
Axes           | 2 3 4 5 6 |  6.7
Armour         | 4 5 6 |  6.5
Fighting       | 4 5 |  5.1
Shields        | 4 5 |  5.3

Action                   |  1- 3 |  4- 6 |  7- 9 || total
-------------------------+-------+-------+-------++-------
Melee: War axe           |    94 |   136 |   100 ||   330
  Use: Scroll            |       |     9 |     3 ||    12
Armor: Scale mail        |    53 |    11 |       ||    64
       Chain mail        |       |    97 |    74 ||   171
Dodge: Dodged            |    54 |    49 |    29 ||   132
Block: Buckler           |    21 |    58 |    34 ||   113

Table legend: (Time is in decaauts)
 A = Elapsed time spent in this place.
 B = Non-inter-level travel time spent in this place.
 C = Inter-level travel time spent in this place.
 D = Time resting spent in this place.
 E = Time spent auto-exploring this place.
 F = Levels seen in this place.
 G = Mean time per level.
                   A        B        C        D        E       F      G
               +--------+--------+--------+--------+--------+-----+--------+
         Total |   6930 |   6837 |     93 |   1852 |   3898 |   6 | 1155.0 |
       Dungeon |   6930 |   6837 |     93 |   1852 |   3898 |   6 | 1155.0 |
               +--------+--------+--------+--------+--------+-----+--------+

Top non-repeatable levels by time:
     D:2: 1968 daAuts
     D:5: 1410 daAuts
     D:4: 1375 daAuts
     D:3: 1209 daAuts
     D:1: 938 daAuts
     D:6: 28 daAuts
